 Dungeon Crawl Stone Soup version 0.27-a0-93-g19769c27d7 (webtiles) character file.

Game seed: 5523843680666809743

0 dmks the Magician (level 1, 0/13 HPs)
             Began as a Gnoll Hedge Wizard on Jan 16, 2021.
             Killed from afar by a dart slug (5 damage)
             ... with a slug dart
             ... on level 1 of the Dungeon.
             The game lasted 00:00:14 (39 turns).

dmks the Magician (Gnoll Hedge Wizard)                Turns: 39, Time: 00:00:15

Health: 0/13       AC:  2    Str: 12    XL:     1   Next: 10%
Magic:  3/8        EV: 14    Int: 16    God:
Gold:   1          SH:  0    Dex: 14    Spells: 13/14 levels left

rFire    . . .     SeeInvis .   a - +0 dagger
rCold    . . .     Faith    .   (no shield)
rNeg     . . .     Spirit   .   b - +0 robe
rPois    .         Reflect  .   c - +0 hat
rElec    .         Harm     .   (no cloak)
rCorr    .         Rampage  .   (no gloves)
Will     .....                  (no boots)
Stlth    +++.......             (no amulet)
HPRegen  0.04/turn              (no ring)
MPRegen  0.11/turn              (no ring)

@: no status effects
A: distributed training, fangs 1, strong nose
a: no special abilities


You were on level 1 of the Dungeon.
You visited 1 branch of the dungeon, and saw 1 of its levels.

You collected 1 gold pieces.

Inventory:

Hand Weapons
 a - a +0 dagger (weapon)
Armour
 b - a +0 robe (worn)
 c - a +0 hat (worn)


   Skills:
 + Level 0.0 Fighting
 + Level 0.0 Short Blades
 + Level 0.0 Long Blades
 + Level 0.0 Axes
 + Level 0.0 Maces & Flails
 + Level 0.0 Polearms
 + Level 0.0 Staves
 + Level 0.0 Slings
 + Level 0.0 Bows
 + Level 0.0 Crossbows
 + Level 0.0 Throwing
 + Level 0.0 Armour
 + Level 4.4 Dodging
 + Level 4.0 Stealth
 + Level 0.0 Shields
 + Level 0.0 Unarmed Combat
 + Level 7.0 Spellcasting
 + Level 1.9 Conjurations
 + Level 0.0 Hexes
 + Level 1.9 Summonings
 + Level 0.0 Necromancy
 + Level 1.9 Translocations
 + Level 0.0 Transmutations
 + Level 0.0 Fire Magic
 + Level 0.0 Ice Magic
 + Level 0.0 Air Magic
 + Level 0.0 Earth Magic
 + Level 0.0 Poison Magic
 + Level 0.0 Invocations
 + Level 0.0 Evocations


You had 13 spell levels left.
You knew the following spells:

 Your Spells              Type           Power        Failure   Level
a - Magic Dart            Conj           44%          5%          1

Your spell library contained the following spells:

 Spells                   Type           Power        Failure   Level
 Blink                    Tloc           N/A          9%          2
 Call Imp                 Summ           11%          9%          2
 Slow                     Hex            5%           19%         2
 Conjure Flame            Conj/Fire      8%           26%         3
 Mephitic Cloud           Conj/Pois/Air  7%           28%         3


Dungeon Overview and Level Annotations

Branches:
Dungeon (1/15)

Altars:


Innate Abilities, Weirdness & Mutations

Your experience applies equally to all skills.
You have very sharp teeth.
Your uncanny sense of smell can sniff out nearby items.


Message History

Options error: Bad channel -- pray (~/.crawlrc:4529) Options error: Bad channel -- food (~/.crawlrc:4532) Options error: Bad channel -- rotten_meat (~/.crawlrc:4549) Welcome, dmks the Gnoll Hedge Wizard.
Will you be the one to retrieve the transcendent Orb of Zot from the depths?
Found a staircase leading out of the dungeon.
Found a gold piece.
You now have 1 gold piece.
Found an escape hatch in the floor.
You open the door.
There is an open door here.
There is an escape hatch in the floor here.
You open the door.
There is an open door here.
Found a hunting sling.
You can't see any susceptible monsters within range! (Use Z to cast anyway.)
A dart slug comes into view.
The dart slug launches a dart at you. The slug dart hits you!
Ouch! That really hurt!
* * * LOW HITPOINT WARNING * * *
Aim: a dart slug (0% to evade)
The magic dart hits the dart slug.
A bat comes into view.
Aim: a dart slug (moderately wounded, 0% to evade)
The magic dart hits the bat.
You kill the bat!
Aim: a dart slug (moderately wounded, 0% to evade)
The magic dart hits the dart slug.
The dart slug bites you.
* * * LOW HITPOINT WARNING * * *
Aim: a dart slug (heavily wounded, 0% to evade)
The magic dart hits the dart slug but does no damage.
Aim: a dart slug (heavily wounded, 0% to evade)
The magic dart hits the dart slug.
The dart slug launches a dart at you. The slug dart hits you.
You die...

# .# #. )# .# ###.#
...... .#..# †..#
##w# ######### #@.#
#Z#Z#Z#Z#####
#.############Z#Z#
##'##^#.......#####
###...###.#####......
#^#.>.....#Z#^#####..
###...#########Z#^###
##'##Z#Z# #####^#
#.###### ### #.#


You could see a dart slug.

Vanquished Creatures
  A bat (D:1)
1 creature vanquished.

Notes
Turn   | Place    | Note
-------+----------+-------------------------------------------
     0 | D:1      | dmks the Gnoll Hedge Wizard began the quest for the Orb.
     0 | D:1      | Reached XP level 1. HP: 13/13 MP: 8/8
    17 | D:1      | Noticed a minotaur skeleton
    39 | D:1      | Killed from afar by a dart slug

Illustrated notes

Levels and vault maps discovered:
D:1:      shiori_arrival_whats_in_store_for_you, layout_loops_corners,
          grunt_decor_fettered, minivault_26

Action                   || total
-------------------------++-------
 Cast: Magic Dart        ||     5

Table legend: (Time is in decaauts)
 A = Elapsed time spent in this place.
 B = Non-inter-level travel time spent in this place.
 C = Inter-level travel time spent in this place.
 D = Time resting spent in this place.
 E = Time spent auto-exploring this place.
 F = Levels seen in this place.
 G = Mean time per level.
                   A        B        C        D        E       F      G
               +--------+--------+--------+--------+--------+-----+--------+
         Total |     39 |     39 |      0 |      0 |     32 |   1 |   39.0 |
       Dungeon |     39 |     39 |      0 |      0 |     32 |   1 |   39.0 |
               +--------+--------+--------+--------+--------+-----+--------+

Top non-repeatable levels by time:
     D:1: 39 daAuts
